[Event "Titled Tuesday Blitz June 21 Late 2022"]
[White "Rychkov, Roman"]
[Black "Al-Tarboush, Ward"]
[WhiteFideId "30985595"]
[BlackFideId "7601450"]
[WhiteElo "2284"]
[BlackElo "2249"]
[Result "1-0"]
[Round "01"]
[TimeControl "180+1"]
[Date "2022.06.22"]
[WhiteClock "0:00:07"]
[BlackClock "0:00:02"]

1. e4 b6 2. d4 Bb7 3. Bd3 e6 4. Ne2 c5 5. c3 Nf6 6. e5 Nd5 7. O-O cxd4 8. cxd4 Nc6 9. Nbc3 Nxc3 10. bxc3 Be7 11. f4 f5 12. Qa4 O-O 13. Ba3 Rc8 14. Rac1 Na5 15. Bb4 Bc6 16. Qa3 Re8 17. g4 fxg4 18. f5 Bg5 19. Nf4 Bxf4 20. Rxf4 Qg5 21. Rcf1 g3 22. h4 Qh5 23. f6 gxf6 24. exf6 Kf7 25. Bf8 g2 26. Re1 Bd5 27. Be2 Qg6 28. Rg4 Nc4 29. Qxa7 Qxf6 30. Qxd7+ Kxf8 31. Bxc4 Rxc4 32. Qd6+ Re7 33. Rf4 Qxf4 34. Qxf4+ Ke8 35. Qb8+ Kd7 36. Qxb6 Rxc3 37. Qb5+ Rc6 38. a4 Rf7 39. Qb7+ Rc7 40. Qb2 Rc8 41. Qb5+ Kd6 42. Qb6+ Ke7 43. Qa7+ 1-0


[Site "https://www.chess.com"]

[Event "Titled Tuesday Blitz June 21 Late 2022"]
[White "Sailer, Mike"]
[Black "Sohal, Tanraj"]
[WhiteFideId "2012901"]
[BlackFideId "2608499"]
[WhiteElo "2109"]
[BlackElo "2200"]
[Result "0-1"]
[Round "01"]
[TimeControl "180+1"]
[Date "2022.06.22"]
[WhiteClock "0:00:01"]
[BlackClock "0:01:54"]

1. d4 g6 2. Nf3 Bg7 3. Bf4 Nf6 4. e3 d5 5. Be2 O-O 6. O-O b6 7. h3 Bb7 8. c4 Nbd7 9. cxd5 Nxd5 10. Bh2 c5 11. Nc3 Nxc3 12. bxc3 Rc8 13. Qa4 Ra8 14. Rfd1 Qc8 15. Rac1 Re8 16. Bb5 Rd8 17. Nd2 a6 18. Be2 b5 19. Qa3 e5 20. Bf3 exd4 21. Bxb7 Qxb7 22. cxd4 cxd4 23. exd4 Nb6 24. Be5 Rac8 25. Rxc8 Qxc8 26. Bxg7 Kxg7 27. Nf3 Nc4 28. Qe7 Qd7 29. Qc5 Qd6 30. Qa7 Rd7 31. Qa8 a5 32. Re1 Rd8 33. Qb7 Qd7 34. Qa6 a4 35. g4 Qd5 36. Ne5 Qxd4 37. Nxc4 Qxc4 38. Qb7 Rd3 39. Re7 Rxh3 40. Qg2 Qc1+ 41. Qf1 Rh1+ 0-1


[Site "https://www.chess.com"]

[Event "Titled Tuesday Blitz June 21 Late 2022"]
[White "Sanchez Alarcon, Juan"]
[Black "Tologon tegin, Semetei"]
[WhiteFideId "3401332"]
[BlackFideId "13800574"]
[WhiteElo "2164"]
[BlackElo "2174"]
[Result "1-0"]
[Round "01"]
[TimeControl "180+1"]
[Date "2022.06.22"]
[WhiteClock "0:01:30"]
[BlackClock "0:00:45"]

1. e4 c6 2. d4 d5 3. Nc3 dxe4 4. Nxe4 Bf5 5. Ng3 Bg6 6. h4 h6 7. Nf3 Nd7 8. h5 Bh7 9. Bd3 Bxd3 10. Qxd3 e6 11. Bd2 Ngf6 12. O-O-O Bd6 13. Ne4 Nxe4 14. Qxe4 Qc7 15. g3 Nf6 16. Qe2 O-O-O 17. c4 Rhe8 18. Bc3 Kb8 19. Ne5 Ka8 20. f4 c5 21. Kb1 cxd4 22. Bxd4 Bxe5 23. Bxe5 Qc6 24. Rxd8+ Rxd8 25. Rd1 Qe4+ 26. Qxe4 Rxd1+ 27. Kc2 Nxe4 28. Kxd1 Nxg3 29. Bxg7 Nxh5 30. Bxh6 Kb8 31. Ke2 Kc7 32. Kf3 Kd7 33. Bf8 a6 34. Bc5 f5 35. Bd4 Kd6 36. b4 Kc6 37. Be5 a5 38. a3 axb4 39. axb4 Kd7 40. b5 Ke7 41. c5 Kd7 42. Bd4 Ke7 43. Be5 Kd7 44. Kg2 Ke7 45. Kh3 Nf6 46. Bxf6+ Kxf6 47. c6 bxc6 48. b6 e5 49. fxe5+ Kxe5 50. b7 1-0


[Site "https://www.chess.com"]

[Event "Titled Tuesday Blitz June 21 Late 2022"]
[White "Sanchez, Robert"]
[Black "Fiorito, Fabian"]
[WhiteFideId "2034360"]
[BlackFideId "100200"]
[WhiteElo "2002"]
[BlackElo "2395"]
[Result "1-0"]
[Round "01"]
[TimeControl "180+1"]
[Date "2022.06.22"]
[WhiteClock "0:00:07"]
[BlackClock "0:00:07"]

1. e4 c6 2. d4 d5 3. e5 Bf5 4. Nf3 e6 5. Be2 Nd7 6. O-O h6 7. Nbd2 Ne7 8. Nb3 Bh7 9. c4 dxc4 10. Bxc4 Nb6 11. Be2 Ned5 12. Be3 Be7 13. Rc1 O-O 14. Nc5 Nxe3 15. fxe3 Nd5 16. Qd2 b6 17. Nd3 c5 18. a3 Rc8 19. Nf2 cxd4 20. exd4 Qd7 21. Rxc8 Rxc8 22. Rc1 Rd8 23. Bd3 Bxd3 24. Qxd3 Nf4 25. Qe4 Bg5 26. Rd1 Qb5 27. Re1 Qxb2 28. h4 Bxh4 29. Nxh4 Rxd4 30. Qa8+ Kh7 31. Nf3 Rd5 32. Qe8 Kg6 33. Qe7 Qc3 34. Qh4 Nd3 35. Qe4+ f5 36. exf6+ Kxf6 37. Qxe6# 1-0


[Site "https://www.chess.com"]

[Event "Titled Tuesday Blitz June 21 Late 2022"]
[White "Sarana, Alexey"]
[Black "Adewumi, Tanitoluwa"]
[WhiteFideId "24133795"]
[BlackFideId "30966396"]
[WhiteElo "2666"]
[BlackElo "2539"]
[Result "1-0"]
[Round "01"]
[TimeControl "180+1"]
[Date "2022.06.21"]
[WhiteClock "0:00:44"]
[BlackClock "0:00:01"]

1. d4 Nf6 2. c4 e6 3. Nc3 Bb4 4. e3 O-O 5. Bd3 d5 6. a3 Be7 7. Nf3 b6 8. cxd5 exd5 9. O-O Bb7 10. b4 a6 11. Ne5 Bd6 12. f4 Nbd7 13. Rb1 Ne4 14. Nxe4 dxe4 15. Bc4 b5 16. Bb3 Nb6 17. Bd2 Bd5 18. Be1 f6 19. Ng4 Qd7 20. f5 c6 21. Bg3 Bxg3 22. hxg3 Qd6 23. Rf4 Bxb3 24. Qxb3+ Nd5 25. Nf2 Kh8 26. Nxe4 Qe7 27. Rh4 Rae8 28. Rf1 Qf7 29. Rf3 Re7 30. Nd6 Qg8 31. e4 Rd8 32. e5 fxe5 33. dxe5 Rxe5 34. Ne4 Rde8 35. Ng5 h6 36. Qb2 Nf6 37. Ne6 R8xe6 38. fxe6 Qxe6 39. Qd4 Re1+ 40. Kh2 Kh7 41. Qd3+ Kh8 42. Qg6 Re2 43. Rxh6+ gxh6 44. Rxf6 Qe4 45. Rf8# 1-0


[Site "https://www.chess.com"]

[Event "Titled Tuesday Blitz June 21 Late 2022"]
[White "Semenenko, Dmytry"]
[Black "Sjugirov, Sanan"]
[WhiteFideId "14118645"]
[BlackFideId "4189302"]
[WhiteElo "2113"]
[BlackElo "2602"]
[Result "0-1"]
[Round "01"]
[TimeControl "180+1"]
[Date "2022.06.21"]
[WhiteClock "0:01:59"]
[BlackClock "0:00:06"]

1. Nf3 c5 2. c4 Nf6 3. Nc3 e6 4. e3 d5 5. cxd5 exd5 6. d4 a6 7. Bd3 c4 8. Bc2 Bg4 9. O-O Bd6 10. h3 Bh5 11. e4 dxe4 12. Nxe4 O-O 13. Bg5 Be7 14. Ng3 Bg6 15. Re1 Nc6 16. Bxg6 hxg6 17. Rc1 b5 18. Qd2 Bb4 19. Qf4 Bxe1 20. Rxe1 Re8 21. Rxe8+ Qxe8 22. Bxf6 gxf6 23. Qxf6 Rd8 24. Qh4 Qe7 25. Ng5 f6 26. N5e4 Kg7 27. Qg4 Nxd4 28. Nc3 Kf7 29. Qf4 b4 30. Nce4 c3 31. bxc3 bxc3 32. Qh6 c2 33. Qh7+ Ke6 34. Qh6 g5 35. Nxg5+ Kd7 36. N5e4 Qxe4 37. Nxe4 c1=Q+ 38. Qxc1 Ne2+ 39. Kh2 Nxc1 40. Nxf6+ Ke7 41. Ne4 Nxa2 42. f3 a5 43. h4 a4 44. h5 a3 45. g4 Nb4 46. Nc3 Rd3 47. Nb1 a2 48. h6 axb1=Q 49. h7 Rd2+ 50. Kg3 Qxh7 51. Kf4 Qf7+ 52. Ke3 Rd3+ 53. Kf2 Qxf3+ 0-1


[Site "https://www.chess.com"]

[Event "Titled Tuesday Blitz June 21 Late 2022"]
[White "Sernecki, Franciszek"]
[Black "Burke, Paul"]
[WhiteFideId "1169297"]
[BlackFideId "2605767"]
[WhiteElo "2168"]
[BlackElo "2012"]
[Result "1-0"]
[Round "01"]
[TimeControl "180+1"]
[Date "2022.06.22"]
[WhiteClock "0:00:05"]
[BlackClock "0:00:06"]

1. e4 e5 2. Nf3 Nc6 3. Bb5 f5 4. d3 Nf6 5. O-O Be7 6. exf5 O-O 7. Bxc6 dxc6 8. Nxe5 Bxf5 9. Nc3 Bd6 10. d4 c5 11. Nf3 Bg4 12. d5 Nd7 13. Ne4 Bxf3 14. gxf3 Qh4 15. Nxd6 cxd6 16. f4 Rf6 17. Qf3 Raf8 18. Kh1 Rg6 19. Qe3 Nf6 20. Bd2 Ng4 21. Qg3 Qh5 22. f3 Ne3 23. Qf2 Nf5 24. Rg1 Rff6 25. Bc3 Rf7 26. Rxg6 Qxg6 27. Rg1 Qh5 28. Rg5 Qh4 29. Qe2 h6 30. Qe8+ Rf8 31. Qe6+ Rf7 32. Rxf5 1-0


[Site "https://www.chess.com"]

[Event "Titled Tuesday Blitz June 21 Late 2022"]
[White "Shapiro, Daniel"]
[Black "Navarrete Mendez, Gonzalo Alberto"]
[WhiteFideId "2001780"]
[BlackFideId "5106850"]
[WhiteElo "2242"]
[BlackElo "2261"]
[Result "1-0"]
[Round "01"]
[TimeControl "180+1"]
[Date "2022.06.22"]
[WhiteClock "0:00:11"]
[BlackClock "0:00:02"]

1. d4 d5 2. c4 dxc4 3. e4 b5 4. a4 c6 5. axb5 cxb5 6. b3 e5 7. bxc4 Nf6 8. cxb5 Nxe4 9. Nf3 Bb4+ 10. Nbd2 O-O 11. Bd3 Bb7 12. Qc2 exd4 13. Bxe4 Bxe4 14. Qxe4 Re8 15. Ne5 Nd7 16. f4 Qh4+ 17. g3 Qh3 18. Qd5 Nxe5 19. fxe5 Rad8 20. Qe4 f6 21. Kf2 Rxe5 22. Qd3 Rf5+ 23. Kg1 Re8 24. Nf3 Rxf3 25. Qxf3 Re1+ 26. Kf2 Re5 27. Bf4 Bc5 28. Rhc1 d3+ 29. Rxc5 Re2+ 30. Qxe2 dxe2 31. Kxe2 Qxh2+ 32. Kf3 f5 33. Rxa7 Qh5+ 34. Ke3 1-0


[Site "https://www.chess.com"]

[Event "Titled Tuesday Blitz June 21 Late 2022"]
[White "Shohat, Yotam"]
[Black "Abarca Gonzalez, Nicolas"]
[WhiteFideId "2813955"]
[BlackFideId "3409422"]
[WhiteElo "2451"]
[BlackElo "2790"]
[Result "0-1"]
[Round "01"]
[TimeControl "180+1"]
[Date "2022.06.22"]
[WhiteClock "0:00:19"]
[BlackClock "0:01:09"]

1. e4 c5 2. Nf3 d6 3. d4 cxd4 4. Nxd4 Nf6 5. Nc3 g6 6. Be3 Bg7 7. f3 O-O 8. Qd2 Nc6 9. Bc4 Ne5 10. Bb3 Bd7 11. O-O-O Qa5 12. Kb1 Rfc8 13. h4 Nc4 14. Bxc4 Rxc4 15. Nb3 Qc7 16. h5 Nxh5 17. g4 Nf6 18. Bh6 Bxh6 19. Rxh6 a5 20. e5 dxe5 21. g5 Rxc3 22. Qxc3 Qxc3 23. bxc3 Kg7 24. Rhh1 Bc6 25. gxf6+ exf6 26. Rhf1 h5 27. Nc5 g5 28. Kc1 h4 29. Kd2 f5 30. Ke3 h3 31. Kf2 Rh8 32. Kg3 h2 33. Rh1 f4+ 34. Kf2 Rh3 35. Ne4 g4 36. Rdg1 hxg1=Q+ 0-1


[Site "https://www.chess.com"]

[Event "Titled Tuesday Blitz June 21 Late 2022"]
[White "Shuvalova, Polina"]
[Black "Carrasco Miranda, Andres"]
[WhiteFideId "24171760"]
[BlackFideId "3405990"]
[WhiteElo "2330"]
[BlackElo "2177"]
[Result "0-1"]
[Round "01"]
[TimeControl "180+1"]
[Date "2022.06.22"]
[WhiteClock "0:00:04"]
[BlackClock "0:00:11"]

1. d4 Nf6 2. Nf3 g6 3. g3 Bg7 4. Bg2 O-O 5. O-O d5 6. Nbd2 c6 7. b3 a5 8. a4 Bf5 9. Bb2 Na6 10. Ne5 Nd7 11. Ndf3 Nxe5 12. Nxe5 Nc7 13. Rc1 f6 14. Nd3 b6 15. Re1 Be4 16. c4 Bxg2 17. Kxg2 e6 18. cxd5 cxd5 19. Qd2 Ne8 20. Rc6 Nd6 21. Ba3 Ne4 22. Qc2 Re8 23. Nf4 Qd7 24. Rc7 Rac8 25. Rc1 Rxc7 26. Qxc7 Qxc7 27. Rxc7 Bh6 28. Rb7 Bxf4 29. gxf4 e5 30. dxe5 fxe5 31. fxe5 Rxe5 32. Rxb6 Rg5+ 33. Kf3 Rf5+ 34. Ke3 Rxf2 35. Rb5 Rxh2 36. Rxd5 Rxe2+ 37. Kf3 Re1 38. Rxa5 Nd2+ 39. Kf2 Ra1 40. Ra8+ Kf7 41. Ra7+ Ke6 42. Bb4 Nxb3 43. a5 Nxa5 44. Bxa5 h5 45. Ra6+ Kf5 46. Ra8 h4 47. Rf8+ Kg4 48. Bc7 Ra2+ 49. Kg1 g5 50. Rb8 Ra1+ 51. Kg2 Ra2+ 52. Kg1 Ra1+ 53. Kf2 Ra2+ 54. Ke3 Ra3+ 55. Ke4 h3 56. Rh8 Ra7 57. Be5 Ra4+ 58. Kd5 Ra5+ 59. Ke6 Ra6+ 60. Kf7 Kf5 61. Bg7 Ra7+ 62. Kg8 Ra8+ 63. Bf8 g4 64. Kg7 Ra7+ 65. Kg8 Kf4 66. Bd6+ Kf3 67. Rh5 Ra8+ 68. Kg7 Ra7+ 69. Kg6 Ra6 70. Rf5+ Kg2 71. Rf6 g3 72. Kh5 h2 73. Rg6 h1=Q+ 74. Kg5 Rxd6 75. Rxd6 Qc1+ 76. Kf5 Qc5+ 77. Ke6 Qxd6+ 78. Kxd6 Kf3 0-1


[Site "https://www.chess.com"]

[Event "Titled Tuesday Blitz June 21 Late 2022"]
[White "Sibilio, Mario"]
[Black "Cabarkapa, Novak"]
[WhiteFideId "800422"]
[BlackFideId "943746"]
[WhiteElo "2296"]
[BlackElo "2433"]
[Result "0-1"]
[Round "01"]
[TimeControl "180+1"]
[Date "2022.06.22"]
[WhiteClock "0:00:09"]
[BlackClock "0:00:29"]

1. e4 Nf6 2. e5 Ng8 3. d4 d5 4. c4 c6 5. Nc3 h5 6. h3 g6 7. cxd5 cxd5 8. Qb3 e6 9. Nf3 Nc6 10. Bg5 Be7 11. Bxe7 Ngxe7 12. Nb5 Nf5 13. Bd3 a6 14. Bxf5 axb5 15. Bd3 Qa5+ 16. Kf1 b4 17. g3 Qb6 18. Rd1 Bd7 19. Bb1 Na5 20. Qe3 Nc4 21. Qg5 Nxb2 22. Qf6 Rf8 23. Rc1 Nc4 24. Kg2 Qd8 25. Qg7 Qe7 26. h4 O-O-O 27. Ng5 Kb8 28. Bd3 Rc8 29. Rc2 Ba4 30. Re2 Bb5 31. Bxg6 Rc7 32. Bd3 Na3 33. Bxb5 Nxb5 34. Rd2 Rc4 35. Nf3 Rfc8 36. g4 hxg4 37. Qxg4 Nc3 38. h5 Ne4 39. Re2 Rc2 40. Rhe1 Rxe2 41. Rxe2 Rh8 42. Re1 Qf8 43. Kf1 Rg8 44. Qf4 Nc3 45. h6 Rg6 46. Re3 Qxh6 47. Qxh6 Rxh6 48. Ng5 Rh1+ 49. Kg2 Ra1 50. Nxf7 Rxa2 51. Ng5 Rc2 52. Nxe6 b3 53. Re1 b2 54. Nc5 Rc1 0-1


[Site "https://www.chess.com"]

[Event "Titled Tuesday Blitz June 21 Late 2022"]
[White "Sorensen, Hampus"]
[Black "Yoo, Christopher Woojin"]
[WhiteFideId "8703884"]
[BlackFideId "30909694"]
[WhiteElo "2262"]
[BlackElo "2105"]
[Result "0-1"]
[Round "01"]
[TimeControl "180+1"]
[Date "2022.06.21"]
[WhiteClock "0:00:02"]
[BlackClock "0:00:04"]

1. c4 e5 2. Nc3 Bb4 3. g3 Nf6 4. Bg2 O-O 5. Nf3 Re8 6. O-O Bxc3 7. dxc3 d6 8. Ne1 Nc6 9. e4 a5 10. Nc2 a4 11. Ne3 Bd7 12. Qc2 Na5 13. Bd2 Ng4 14. Nf5 Nxc4 15. Rad1 Nxd2 16. Rxd2 g6 17. Nh4 Be6 18. c4 Nf6 19. Nf3 Nd7 20. h4 h6 21. Qc1 Kg7 22. Ne1 Nb6 23. b3 axb3 24. axb3 Nd7 25. Nd3 h5 26. f4 exf4 27. Rxf4 Qe7 28. Qc3+ f6 29. Rdf2 Rf8 30. Re2 Ne5 31. Nb4 c6 32. Rf1 Qc7 33. Rd2 Rad8 34. Nc2 Bg4 35. Kh2 Qe7 36. Nd4 Ra8 37. Qe3 Bd7 38. Qc3 Ng4+ 39. Kg1 Qe5 40. Bh3 Rae8 41. Bxg4 Bxg4 42. Re1 Re7 43. Rd3 Rfe8 44. Rde3 Bd7 45. Qd2 Bg4 46. Qc3 Qc5 47. Qd2 Qb6 48. Kh2 Qc7 49. Qf2 Re5 50. Kg2 Qe7 51. Qf4 d5 52. cxd5 cxd5 0-1


[Site "https://www.chess.com"]

[Event "Titled Tuesday Blitz June 21 Late 2022"]
[White "Stanisz, Patryk"]
[Black "Souleidis, Georgios"]
[WhiteFideId "1123106"]
[BlackFideId "4206827"]
[WhiteElo "1833"]
[BlackElo "2401"]
[Result "0-1"]
[Round "01"]
[TimeControl "180+1"]
[Date "2022.06.22"]
[WhiteClock "0:00:01"]
[BlackClock "0:00:45"]

1. d4 Nf6 2. c4 g6 3. Nc3 d6 4. e4 Bg7 5. Bd3 O-O 6. Nge2 e5 7. O-O Nc6 8. d5 Ne7 9. Ng3 Nd7 10. h3 Nc5 11. Bc2 a5 12. Be3 b6 13. Qe2 f5 14. exf5 gxf5 15. f4 e4 16. Rad1 Ng6 17. Nh5 Bh8 18. Nb5 Bd7 19. Nd4 Qh4 20. Bf2 Nxf4 21. Nxf4 Qxf4 22. Be3 Qh4 23. Rf4 Qg3 24. Rdf1 Be5 25. b3 Rf6 26. Qf2 Qxf2+ 27. R1xf2 Raf8 28. Rh4 f4 29. Bc1 Bxd4 0-1


[Site "https://www.chess.com"]

[Event "Titled Tuesday Blitz June 21 Late 2022"]
[White "Suder, Jakub"]
[Black "Wang, Isaac"]
[WhiteFideId "1195310"]
[BlackFideId "30977185"]
[WhiteElo "2058"]
[BlackElo "2299"]
[Result "1-0"]
[Round "01"]
[TimeControl "180+1"]
[Date "2022.06.22"]
[WhiteClock "0:01:35"]
[BlackClock "0:00:13"]

1. d4 Nf6 2. c4 e6 3. Nc3 Bb4 4. f3 d5 5. a3 Be7 6. e4 dxe4 7. fxe4 e5 8. d5 Bc5 9. Nf3 Bg4 10. Be2 Bxf3 11. Bxf3 Nbd7 12. Qe2 O-O 13. Be3 b6 14. O-O a5 15. b3 Qe7 16. Bxc5 Nxc5 17. Qc2 a4 18. b4 Nb3 19. Rad1 Nd4 20. Qd3 Rfd8 21. Ne2 c5 22. dxc6 Nxc6 23. Qe3 Qc7 24. h3 Ne8 25. Rd5 Nd6 26. Rc1 Rac8 27. Bg4 Rb8 28. c5 Nb5 29. cxb6 Qxb6 30. Qxb6 Rxb6 31. Rxc6 1-0


[Site "https://www.chess.com"]

[Event "Titled Tuesday Blitz June 21 Late 2022"]
[White "Svane, Frederik"]
[Black "Hansch, Karsten"]
[WhiteFideId "12923044"]
[BlackFideId "24692239"]
[WhiteElo "2459"]
[BlackElo "2358"]
[Result "1/2-1/2"]
[Round "01"]
[TimeControl "180+1"]
[Date "2022.06.21"]
[WhiteClock "0:00:03"]
[BlackClock "0:00:21"]

1. e4 c6 2. d4 d5 3. exd5 cxd5 4. Nf3 Nc6 5. c3 Bg4 6. h3 Bh5 7. Qb3 Qc7 8. Qxd5 Bxf3 9. Qxf3 Nxd4 10. Qe4 Nc6 11. Bg5 e6 12. Nd2 Be7 13. Bf4 Bd6 14. Bxd6 Qxd6 15. Nc4 Qc7 16. O-O-O Nf6 17. Qh4 O-O 18. Bd3 Rfd8 19. Bc2 b5 20. Ne3 b4 21. cxb4 Rab8 22. Rxd8+ Qxd8 23. Rd1 Qb6 24. a3 a5 25. Ng4 Nxg4 26. Qxh7+ Kf8 27. hxg4 axb4 28. Qh8+ Ke7 29. Qxg7 bxa3 30. bxa3 Qc5 31. Rd3 Qxf2 32. Qc3 Rc8 33. Rf3 Qg1+ 34. Kb2 Qd4 35. Qxd4 Nxd4 36. Rc3 Rb8+ 37. Ka2 Kd6 38. Bd1 e5 39. a4 e4 40. Rc4 Kd5 41. Rc7 e3 42. Rd7+ Ke4 43. Rxf7 Kd3 44. Rd7 Kc3 45. Rc7+ Kd3 46. Rd7 Kc3 47. a5 Ra8 48. Rd5 e2 49. Bxe2 Nxe2 50. Ka3 Kc4 51. Re5 Nc3 52. Kb2 Nb5 53. Kc2 Rxa5 54. Re4+ Nd4+ 55. Kd2 Ra2+ 56. Ke3 Re2+ 57. Kf4 Rxg2 58. Ke5 Rd2 59. g5 Kc5 60. g6 Rg2 61. Kf6 Nc6 62. g7 Kd5 63. Re8 Rf2+ 64. Kg6 Rg2+ 65. Kf7 Rf2+ 66. Kg6 Rg2+ 67. Kh7 Rh2+ 68. Kg8 Kd6 69. Re1 Ne5 70. Kf8 Rf2+ 71. Ke8 Rg2 72. Rd1+ Ke6 73. Kf8 Ng6+ 74. Ke8 Ne5 75. Kf8 Nd7+ 76. Rxd7 Kxd7 77. g8=Q Rxg8+ 78. Kxg8 1/2-1/2


[Site "https://www.chess.com"]

[Event "Titled Tuesday Blitz June 21 Late 2022"]
[White "Swiercz, Dariusz"]
[Black "D`Arruda, Ricardo D."]
[WhiteFideId "1126881"]
[BlackFideId "100692"]
[WhiteElo "2627"]
[BlackElo "2498"]
[Result "1-0"]
[Round "01"]
[TimeControl "180+1"]
[Date "2022.06.21"]
[WhiteClock "0:00:04"]
[BlackClock "0:00:05"]

1. e4 c5 2. Nf3 Nc6 3. Bb5 g6 4. Bxc6 dxc6 5. d3 c4 6. dxc4 Qxd1+ 7. Kxd1 Bg7 8. Ke2 Nf6 9. Nc3 O-O 10. Bf4 Nh5 11. Be5 f6 12. Bg3 f5 13. Be5 Bxe5 14. Nxe5 Nf4+ 15. Kf1 fxe4 16. Nxe4 Bf5 17. Re1 Rad8 18. Nf3 Bxe4 19. Rxe4 Rd1+ 20. Re1 Rxe1+ 21. Nxe1 Rd8 22. g3 Ne6 23. Nf3 Nd4 24. Nxd4 Rxd4 25. Ke2 Rxc4 26. c3 Re4+ 27. Kf3 Re5 28. Rd1 Kf7 29. Rd7 Rb5 30. b4 a5 31. a3 axb4 32. axb4 Ke8 33. Rd4 e6 34. h4 Ke7 35. Ke3 c5 36. Rc4 cxb4 37. cxb4 Kd7 38. g4 Re5+ 39. Kf4 Re2 40. f3 h6 41. Rc5 Rb2 42. Rc4 Kd6 43. Rd4+ Ke7 44. Ke3 Rb3+ 45. Kf2 e5 46. Rc4 Kd6 47. Kg3 b5 48. Re4 Kd5 49. Kf2 g5 50. h5 Rc3 51. Re1 Rc4 52. Rd1+ Ke6 53. Rb1 e4 54. Ra1 Rxb4 55. Ra6+ Ke5 56. Rxh6 Rb2+ 57. Kg3 e3 58. Rh8 e2 59. Re8+ Kd4 60. h6 Rb1 61. Rxe2 Rh1 62. Rh2 Rxh2 63. Kxh2 1-0


[Site "https://www.chess.com"]

[Event "Titled Tuesday Blitz June 21 Late 2022"]
[White "Tang, Zoey"]
[Black "Saveliev, Alexei"]
[WhiteFideId "30952530"]
[BlackFideId "24128546"]
[WhiteElo "1636"]
[BlackElo "2281"]
[Result "0-1"]
[Round "01"]
[TimeControl "180+1"]
[Date "2022.06.22"]
[WhiteClock "0:00:04"]
[BlackClock "0:00:21"]

1. Nf3 g6 2. g3 Bg7 3. Bg2 c5 4. c4 Nc6 5. Nc3 d6 6. O-O e5 7. d3 f5 8. Bg5 Nf6 9. Nd5 O-O 10. Qd2 Be6 11. Bxf6 Bxf6 12. e4 fxe4 13. dxe4 Qd7 14. Rfe1 Bg4 15. Rad1 Bxf3 16. Bxf3 Nd4 17. Bg2 Bg7 18. Qd3 Rae8 19. a3 Rf7 20. b4 Ref8 21. f4 h5 22. bxc5 dxc5 23. Rf1 h4 24. Rd2 Qg4 25. Rdf2 hxg3 26. hxg3 exf4 27. Rxf4 Ne2+ 28. Kh2 Nxf4 29. Rxf4 Rxf4 30. Nxf4 Bd4 31. Bh3 Qg5 32. Be6+ Kh8 33. Qf1 Qh6+ 34. Bh3 Kg8 35. Qg2 g5 36. Nd3 g4 0-1


[Site "https://www.chess.com"]

[Event "Titled Tuesday Blitz June 21 Late 2022"]
[White "Tari, Aryan"]
[Black "Mortazavi, Ali"]
[WhiteFideId "1510045"]
[BlackFideId "401323"]
[WhiteElo "2567"]
[BlackElo "2339"]
[Result "0-1"]
[Round "01"]
[TimeControl "180+1"]
[Date "2022.06.21"]
[WhiteClock "0:01:08"]
[BlackClock "0:00:35"]

1. c4 Nf6 2. g3 g6 3. Bg2 Bg7 4. Nc3 O-O 5. d4 d6 6. Nf3 Nbd7 7. O-O e5 8. Qc2 c6 9. b3 Re8 10. e4 exd4 11. Nxd4 Nc5 12. Bb2 a5 13. h3 Qb6 14. Rad1 a4 15. Nxa4 Nxa4 16. bxa4 Nd7 17. Nb3 Bxb2 18. Qxb2 Rxa4 19. Rxd6 Rxc4 20. Rfd1 Nc5 21. Qf6 Nxe4 22. Bxe4 Rcxe4 23. Rd8 Bxh3 24. R1d4 Re1+ 25. Kh2 Bf5 26. Nd2 Re6 27. Qh4 Kg7 28. Nf3 Rxd8 29. Rxd8 Qxf2+ 0-1


[Site "https://www.chess.com"]

[Event "Titled Tuesday Blitz June 21 Late 2022"]
[White "Thiel, Thomas"]
[Black "Guz, Ari"]
[WhiteFideId "4615964"]
[BlackFideId "2825759"]
[WhiteElo "2237"]
[BlackElo "1913"]
[Result "0-1"]
[Round "01"]
[TimeControl "180+1"]
[Date "2022.06.22"]
[WhiteClock "0:00:01"]
[BlackClock "0:00:13"]

1. e4 c5 2. Nc3 e5 3. Nge2 Nc6 4. Nd5 Nf6 5. Nec3 d6 6. Bc4 Be6 7. d3 Be7 8. O-O O-O 9. f4 a6 10. a4 Bxd5 11. Nxd5 Nxd5 12. Bxd5 Bf6 13. fxe5 Bxe5 14. c3 Qc7 15. Bf4 Bxf4 16. Rxf4 Ne5 17. Rf5 Qb6 18. Qc2 Rae8 19. a5 Qc7 20. Raf1 Re7 21. Qe2 Qxa5 22. d4 cxd4 23. cxd4 Qb6 24. Qf2 Ng4 25. Rxf7 Rexf7 26. Bxf7+ Kh8 27. Qd2 Nf6 28. Bd5 Re8 29. Qf4 Qxd4+ 30. Kh1 Qb6 31. b3 h6 32. Qf5 Nxd5 33. Qxd5 Qb5 34. Qxb5 axb5 35. Re1 Re5 36. g3 d5 37. Kg2 dxe4 38. Kf2 Kh7 39. Ke3 Kg6 40. Rf1 Rf5 41. Rf4 Rc5 42. Kxe4 Rc3 43. Rf3 Rc2 44. Kf4 Rxh2 45. Rd3 Rc2 0-1


[Site "https://www.chess.com"]

[Event "Titled Tuesday Blitz June 21 Late 2022"]
[White "Tica, Sven"]
[Black "Gaisinsky, Adam"]
[WhiteFideId "14526948"]
[BlackFideId "2620561"]
[WhiteElo "2346"]
[BlackElo "1965"]
[Result "1-0"]
[Round "01"]
[TimeControl "180+1"]
[Date "2022.06.22"]
[WhiteClock "0:00:49"]
[BlackClock "0:00:04"]

1. d4 Nf6 2. Bg5 d5 3. Bxf6 gxf6 4. c4 c6 5. Nc3 dxc4 6. a4 e5 7. e3 Be6 8. Nf3 Qa5 9. Nd2 Bb4 10. Qc1 Rg8 11. Bxc4 Rxg2 12. dxe5 Qxe5 13. Qc2 Nd7 14. O-O-O O-O-O 15. Nf3 Qh5 16. Bxe6 fxe6 17. Nd4 Re8 18. Nce2 Rxf2 19. Rhf1 Rxf1 20. Rxf1 Qc5 21. Nc3 f5 22. Rg1 Ne5 23. Rg7 Re7 24. Rg8+ Kc7 25. Kb1 Bxc3 26. bxc3 Nc4 27. Qa2 Nxe3 28. Nxe6+ Rxe6 29. Qxe6 Qxc3 30. Rg3 Qc2+ 31. Ka1 Qxa4+ 32. Kb2 Qc2+ 33. Ka3 Nc4+ 34. Kb4 a5+ 35. Kc5 b6+ 36. Kd4 c5+ 37. Kd5 Qd1+ 38. Kxc4 Qa4+ 39. Kd5 Qa2+ 40. Ke5 Qe2+ 41. Kf6 Qb2+ 42. Kxf5 Qf2+ 43. Kg5 Qd2+ 44. Kf6 Qd4+ 45. Qe5+ Qxe5+ 46. Kxe5 a4 47. Kd5 b5 48. Kxc5 1-0


[Site "https://www.chess.com"]

[Event "Titled Tuesday Blitz June 21 Late 2022"]
[White "Toncheva, Nadya"]
[Black "Terry, Renato"]
[WhiteFideId "2924056"]
[BlackFideId "3803457"]
[WhiteElo "1888"]
[BlackElo "2577"]
[Result "0-1"]
[Round "01"]
[TimeControl "180+1"]
[Date "2022.06.21"]
[WhiteClock "0:02:19"]
[BlackClock "0:02:42"]

1. e4 e6 2. d4 d5 3. Nd2 Be7 4. Bd3 c5 5. exd5 Qxd5 6. Ngf3 cxd4 7. Bc4 Qd8 8. O-O Nc6 9. Nb3 Bf6 10. Bb5 Bd7 11. Nbxd4 Nxd4 12. Nxd4 Bxd4 13. Qxd4 Bxb5 14. Qxg7 Qf6 0-1


[Site "https://www.chess.com"]

[Event "Titled Tuesday Blitz June 21 Late 2022"]
[White "Tsvetkov, Andrey"]
[Black "Dilmukhametov, Artur"]
[WhiteFideId "34139360"]
[BlackFideId "24179922"]
[WhiteElo "2280"]
[BlackElo "2206"]
[Result "1-0"]
[Round "01"]
[TimeControl "180+1"]
[Date "2022.06.22"]
[WhiteClock "0:00:52"]
[BlackClock "0:01:13"]

1. d4 d5 2. c4 c6 3. Nc3 Nf6 4. e3 a6 5. b3 Bg4 6. Qc2 e6 7. Bb2 Nbd7 8. Bd3 b5 9. Nge2 Be7 10. Ng3 bxc4 11. bxc4 Rb8 12. O-O Nh5 13. Nh1 Nhf6 14. Ng3 Nh5 15. Nxh5 Bxh5 16. cxd5 cxd5 17. Bxa6 Bg6 18. Qe2 Qa5 19. Bb5 Bb4 20. Rfc1 Ke7 21. a4 Rhc8 22. Na2 Bd6 23. Bc3 Qc7 24. Bd2 Qa7 25. Nb4 Bxb4 26. Bxb4+ Kd8 27. h4 h6 28. Qg4 Nf6 29. Qf4 Ne4 30. f3 1-0


[Site "https://www.chess.com"]